 Dungeon Crawl Stone Soup version 0.31.0-11-ge490571c62 (webtiles) character file.

Game seed: 14629552222261301804

315 qw the Shooter (level 6, 0/32 HPs)
             Began as a Spriggan Hunter on Feb 4, 2024.
             Succumbed to a scorpion's poison
             ... on level 5 of the Dungeon.
             The game lasted 00:00:13 (3018 turns).

qw the Shooter (Spriggan Hunter)                    Turns: 3018, Time: 00:00:14

Health: 0/32       AC:  6    Str:  7    XL:     6   Next: 20%
Magic:  7/7        EV: 21    Int: 12    God:
Gold:   236        SH:  0    Dex: 21    Spells: 5/5 levels left

rFire   . . .        a - +0 shortbow
rCold   . . .        (shield currently unavailable)
rNeg    . . .        c - +0 robe
rPois   .            b - +3 crown of Dyrovepreva {rElec Int+2 SInv}
rElec   +            g - +0 cloak
rCorr   .            (gloves unavailable)
SInv    +            (boots unavailable)
Will    +....        e - amulet of the acrobat
Stlth   ++           (no ring)
HPRegen 0.25/turn    (no ring)
MPRegen 0.10/turn

%: acrobat
@: lethally poisoned (0 -> -12), very quick
A: very small, no large weapons, unfitting armour, see invisible, speed 3
a: no special abilities


You were on level 5 of the Dungeon.
You visited 1 branch of the dungeon, and saw 5 of its levels.

You collected 290 gold pieces.
You spent 54 gold pieces at shops.


Innate Abilities, Weirdness & Mutations

You are very small and have problems with some larger weapons.
You are too small for most types of armour.
You have supernaturally acute eyesight. (SInv)
You cover ground extremely quickly. (Speed+++)


   Skills:
 - Level 2.7 Fighting
 - Level 6.0 Ranged Weapons
 + Level 5.3 Dodging
 - Level 1.5 Stealth


You had 5 spell levels left.
You didn't know any spells.
Your spell library was empty.

Inventory:

Hand Weapons
 a - a +0 shortbow (weapon)
Armour
 b - the +3 crown of Dyrovepreva (worn) {rElec Int+2 SInv}
   (You acquired it on level 2 of the Dungeon)

   Int+2:     It affects your intelligence (+2).
   rElec:     It insulates you from electricity.
   SInv:      It lets you see invisible.
 c - a +0 robe (worn)
 g - a +0 cloak (worn)
Jewellery
 e - an amulet of the acrobat (around neck)
Wands
 d - a wand of flame (8)
 h - a wand of mindburst (8)
Potions
 f - a potion of cancellation

Dungeon Overview and Level Annotations

Branches:
Dungeon (5/15)
 Temple: D:4-7

Altars:
Elyvilon
Fedhas
Gozag
Sif Muna
Uskayaw

Shops:
D:2 [


Message History

The scorpion is heavily wounded.
The scorpion stings you but does no damage.
The scorpion completely misses you.
You shoot an arrow.
The arrow hits the scorpion but does no damage.
The scorpion is heavily wounded.
The scorpion closely misses you.
You shoot an arrow. The arrow closely misses the scorpion.
The scorpion completely misses you.
You shoot an arrow. The arrow hits the scorpion.
The scorpion is heavily wounded.
The scorpion misses you. The scorpion closely misses you.
You shoot an arrow. The arrow hits the scorpion.
The scorpion is severely wounded.
The scorpion stings you.
You shoot an arrow. The arrow closely misses the scorpion.
The scorpion misses you.
You shoot an arrow. The arrow barely misses the scorpion.
The scorpion completely misses you. The scorpion stings you.
You are poisoned.
The scorpion poisons you!
You shoot an arrow. The arrow hits the scorpion.
The scorpion is severely wounded.
You feel very sick. The scorpion misses you.
You shoot an arrow. The arrow barely misses the scorpion.
You feel very sick. The scorpion stings you.
You are lethally poisoned!
The scorpion poisons you!
You shoot an arrow. The arrow closely misses the scorpion.
You feel very sick. The scorpion completely misses you.
The scorpion misses you.
You shoot an arrow. The arrow closely misses the scorpion.
You feel very sick. The scorpion misses you.
You shoot an arrow.
The arrow hits the scorpion but does no damage.
The scorpion is severely wounded.
You die...

#..## #.##
#####.######
#..........#
#..........#
####..####.+
#.#######
#.#.....#
#@s.# #####


You could see a scorpion.

Vanquished Creatures
  An ogre (D:4)
  A phantom (D:4)
  A howler monkey (D:5)
  An iguana (D:4)
  3 adders
  A dart slug (D:2)
  A ribbon worm (D:2)
  5 orcs
  7 ball pythons
  6 endoplasms
  A giant cockroach (D:2)
  7 goblins
  10 hobgoblins
  7 bats
  A frilled lizard (D:2)
  3 kobolds
  4 rats
60 creatures vanquished.

Notes
Turn   | Place    | Note
-------+----------+-------------------------------------------
     0 | D:1      | qw the Spriggan Hunter began the quest for the Orb.
     0 | D:1      | Reached XP level 1. HP: 10/10 MP: 2/2
     0 | D:1      | 0 ||| qw: Version: 0.3-a-160-g6735b56
     0 | D:1      | 0 ||| qw: Game counter: 4952
     0 | D:1      | 0 ||| qw: Melee chars always use a shield: true
     0 | D:1      | 0 ||| qw: God list: Okawaru
     0 | D:1      | 0 ||| qw: Allow faded altars: false
     0 | D:1      | 0 ||| qw: Do Orc after clearing Dungeon:15 true
     0 | D:1      | 0 ||| qw: Do second Lair branch before Depths: true
     0 | D:1      | 0 ||| qw: Lair rune preference: random
     0 | D:1      | 0 ||| qw: Goals: Normal
     0 | D:1      | 0 ||| PLANNING D:1-11
    99 | D:1      | Reached skill level 3 in Dodging
   141 | D:1      | Found a faded altar of an unknown god.
   224 | D:1      | Reached XP level 2. HP: 14/14 MP: 3/3
   731 | D:1      | You fall into a shaft and drop 1 floor!
   735 | D:2      | Found Dedoen's Armour Boutique.
   759 | D:2      | 759 ||| BUYING +0 cloak (54 gold).
   759 | D:2      | Bought a +0 cloak for 54 gold pieces
   811 | D:2      | Reached XP level 3. HP: 18/18 MP: 4/4
   814 | D:2      | Found an opulent altar of Gozag.
   860 | D:2      | 860 ||| DROPPING +1 sling of draining.
   874 | D:2      | 874 ||| UPGRADING to +0 cloak.
   879 | D:2      | 879 ||| READING 2 scrolls labelled JAWYCZ INURIU.
   879 | D:2      | 879 ||| IDENTIFYING fuming brown potion
   880 | D:2      | 880 ||| READING scroll of identify.
   880 | D:2      | 880 ||| IDENTIFYING clear potion
   881 | D:2      | 881 ||| READING scroll labelled UROLIN OBBARUSO.
   882 | D:2      | 882 ||| DROPPING scroll of butterflies.
   883 | D:2      | 883 ||| DROPPING potion of attraction.
   893 | D:2      | 893 ||| FLEEEEING.
   894 | D:2      | 894 ||| STAIRDANCE
  1322 | D:2      | Found the +7 Kryia's mail coat {PotionHeal*2 rC+}
  1491 | D:2      | 1491 ||| READING 2 scrolls of identify.
  1491 | D:2      | 1491 ||| IDENTIFYING pink potion
  1492 | D:2      | 1492 ||| READING scroll of identify.
  1492 | D:2      | 1492 ||| IDENTIFYING scroll labelled LAEHOB IRAUTRA
  1492 | D:2      | Identified a scroll of acquirement
  1493 | D:2      | 1493 ||| READING scroll of acquirement.
  1493 | D:2      | 1493 ||| ACQUIRING +3 crown of Dyrovepreva {rElec Int+2
                  | SInv}
  1493 | D:2      | Acquired the +3 crown of Dyrovepreva {rElec Int+2 SInv}
  1493 | D:2      | Found the +3 crown of Dyrovepreva {rElec Int+2 SInv}
  1495 | D:2      | 1495 ||| UPGRADING to +3 crown of Dyrovepreva {rElec Int+2
                  | SInv}.
  1500 | D:2      | 1500 ||| DROPPING potion of lignification.
  1676 | D:3      | Reached skill level 5 in Ranged Weapons
  1683 | D:3      | Reached XP level 4. HP: 22/22 MP: 5/5
  2095 | D:3      | Found a shimmering blue altar of Sif Muna.
  2096 | D:3      | Found a hide-covered altar of Uskayaw.
  2097 | D:3      | Found a white marble altar of Elyvilon.
  2098 | D:3      | Found a blossoming altar of Fedhas.
  2163 | D:3      | 2163 ||| UPGRADING to amulet of the acrobat.
  2168 | D:3      | 2168 ||| READING scroll of identify.
  2168 | D:3      | 2168 ||| IDENTIFYING scroll labelled UFFIPALAQI
  2169 | D:3      | 2169 ||| DROPPING scroll of amnesia.
  2409 | D:4      | Noticed a phantom
  2410 | D:4      | 2410 ||| ZAPPING wand of flame (20) at -6,2 (phantom;
                  | floor).
  2411 | D:4      | 2411 ||| ZAPPING wand of flame (19) at -5,2 (phantom;
                  | floor).
  2412 | D:4      | 2412 ||| ZAPPING wand of flame (18) at -4,1 (phantom;
                  | floor).
  2413 | D:4      | 2413 ||| ZAPPING wand of flame (17) at -3,1 (phantom;
                  | floor).
  2414 | D:4      | 2414 ||| ZAPPING wand of flame (16) at -2,1 (phantom;
                  | floor).
  2415 | D:4      | 2415 ||| ZAPPING wand of flame (15) at -1,0 (phantom;
                  | floor).
  2416 | D:4      | 2416 ||| ZAPPING wand of flame (14) at -1,0 (phantom;
                  | floor).
  2416 | D:4      | Killed a phantom
  2417 | D:4      | Reached XP level 5. HP: 22/27 MP: 6/6
  2480 | D:4      | Noticed an ogre
  2481 | D:4      | 2481 ||| ZAPPING wand of flame (13) at -4,4 (ogre; floor).
  2482 | D:4      | 2482 ||| ZAPPING wand of flame (12) at -3,3 (ogre; floor).
  2483 | D:4      | 2483 ||| ZAPPING wand of flame (11) at -2,2 (ogre; floor).
  2484 | D:4      | 2484 ||| ZAPPING wand of flame (10) at -1,1 (ogre; floor).
  2485 | D:4      | 2485 ||| ZAPPING wand of flame (9) at -1,1 (ogre; floor).
  2485 | D:4      | Killed an ogre
  2486 | D:4      | Reached XP level 6. HP: 32/32 MP: 7/7
  2908 | D:5      | Entered Level 5 of the Dungeon
  2950 | D:5      | Reached skill level 6 in Ranged Weapons
  3016 | D:5      | HP: 7/32 [poisoned by a scorpion]
  3018 | D:5      | Succumbed to a scorpion's poison

Levels and vault maps discovered:
D:1:      eino_arrival_tree_alley, layout_loops_ring,
          shapermc_ecumenical_altar_totnotflames, minmay_door_square,
          nrook_uturn
D:2:      layout_rooms, serial_shops, nicolae_shop_scrapyard, basic_altar,
          nicolae_figureground_pulse
D:3:      layout_basic, minitemple, minmay_box_of_dots
D:4:      layout_basic, hangedman_decor_opposing, kennysheep_small_spiral,
          dreamdust_mushroom_princess
D:5:      layout_rooms, kennysheep_little_box, kennysheep_potato, uniq_sigmund

Skill      XL: |  1  2  3  4  5  6 |
---------------+-------------------+-----
Dodging        | 3 4 5 |  5.3
Ranged Weapons | 5 6 |  6.0
Fighting       | 2 |  2.7
Stealth        | |  1.5

Action                     |  1- 3 |  4- 6 || total
---------------------------+-------+-------++-------
   Fire: Shortbow          |   113 |    66 ||   179
  Evoke: Wand              |       |    12 ||    12
    Use: Scroll            |     6 |     1 ||     7
 Armour: Robe              |    16 |     7 ||    23
  Dodge: Dodged            |    37 |    24 ||    61

Table legend:
 A = Non-vault XP
 B = Vault XP
 C = Vault XP percentage of total XP
 D = Non-vault monster count
 E = Vault monster count
 F = Vault count percentage of total count
                 A         B        C        D         E       F
            +---------+---------+-------+---------+---------+-------
      Total |     445 |       6 |   1.3 |      57 |       3 |   5.0
            +---------+---------+-------+---------+---------+-------
        D:1 |      27 |       0 |   0.0 |      17 |       0 |   0.0
        D:2 |      49 |       0 |   0.0 |      19 |       0 |   0.0
        D:3 |      45 |       6 |  11.8 |      10 |       3 |  23.1
        D:4 |     273 |       0 |   0.0 |      10 |       0 |   0.0
        D:5 |      51 |       0 |   0.0 |       1 |       0 |   0.0
            +---------+---------+-------+---------+---------+-------
